 Dungeon Crawl Stone Soup version 0.26-a0-455-g0958c023ba (webtiles) character file.

Game seed: 14848252931144052539

122 vurker the Bolt Thrower (level 5, -6/32 HPs)
             Began as a Kobold Hunter on July 28, 2020.
             Mangled by a gnoll
             ... wielding a +0 whip
              (8 damage)
             ... on level 3 of the Dungeon.
             The game lasted 00:04:17 (3776 turns).

vurker the Bolt Thrower (Kobold Hunter)             Turns: 3776, Time: 00:04:18

Health: -6/32      AC:  9    Str: 10    XL:     5   Next: 27%
Magic:  5/5        EV: 11    Int: 13    God:
Gold:   141        SH:  0    Dex: 15    Spells: 4/4 levels left

rFire    . . .     SeeInvis .   q - -3 dagger (curse)
rCold    . . .     Faith    .   (shield restricted)
rNeg     . . .     Spirit   .   l - +1 scale mail
rPois    .         Reflect  .   o - +2 hat
rElec    .         Harm     .   (no cloak)
rCorr    .                      (no gloves)
MR       .....                  (no boots)
Stlth    +.........             (no amulet)
HPRegen  0.10/turn              (no ring)
MPRegen  0.09/turn              (no ring)

@: no status effects
A: small, nightstalker 3
a: no special abilities


You were on level 3 of the Dungeon.
You visited 1 branch of the dungeon, and saw 3 of its levels.

You collected 141 gold pieces.

Inventory:

Hand Weapons
 a - a +1 hand crossbow
 b - a +2 vampiric dagger
   (You found it on level 2 of the Dungeon)
 q - a cursed -3 dagger (weapon)
   (You found it on level 1 of the Dungeon)
Missiles
 d - 39 bolts
Armour
 l - a +1 scale mail (worn)
   (You found it on level 2 of the Dungeon)
 o - a +2 hat (worn)
   (You found it on level 2 of the Dungeon)
Wands
 t - a wand of flame (11)
   (You found it on level 2 of the Dungeon)
Scrolls
 e - a scroll of fog
 f - a scroll of identify
 g - a scroll of enchant weapon {unknown}
 j - 2 scrolls of teleportation
Potions
 c - 2 potions of haste
 m - a potion of cancellation


   Skills:
 + Level 3.3 Fighting
 * Level 4.1 Short Blades
 + Level 5.5 Crossbows
 - Level 2.4 Dodging
 - Level 1.3 Stealth


You had 4 spell levels left.
You didn't know any spells.
Your spell library was empty.

Dungeon Overview and Level Annotations

Branches:
Dungeon (3/15)

Altars:


Innate Abilities, Weirdness & Mutations

You are small and have problems with some larger weapons.
You are completely attuned to the shadows.


Message History

There is an open door here.
There is an open door here.
Found a stone staircase leading down.
Found a stone staircase leading up.
There is an open door here.
A gnoll comes into view. It is wielding a +0 whip.
A gnoll is nearby!
A gnoll is nearby!
A gnoll comes into view. It is wielding a +0 spear.
The gnoll shouts! x2
The gnoll hits you but does no damage.
You closely miss the gnoll. You hit the gnoll but do no damage.
The gnoll misses you. The gnoll closely misses you.
You hit the gnoll but do no damage. The gnoll closely misses you. x2
You hit the gnoll. The gnoll hits you with a +0 whip.
You hit the gnoll but do no damage. The gnoll closely misses you.
The gnoll hits you with a +0 whip.
You hit the gnoll but do no damage.
The gnoll hits you from afar with a cursed +0 spear.
You hit the gnoll but do no damage. The gnoll completely misses you.
The gnoll hits you but does no damage.
You hit the gnoll. The gnoll hits you but does no damage.
The gnoll closely misses you.
You hit the gnoll but do no damage. The gnoll hits you but does no damage.
You hit the gnoll but do no damage. The gnoll misses you.
The gnoll closely misses you.
You hit the gnoll but do no damage. The gnoll barely misses you.
You hit the gnoll. The gnoll hits you with a +0 whip.
The gnoll hits you but does no damage.
You hit the gnoll but do no damage. The gnoll barely misses you.
The gnoll completely misses you.
You hit the gnoll but do no damage. The gnoll hits you with a +0 whip.
You barely miss the gnoll. The gnoll closely misses you.
The gnoll hits you with a +0 whip!
* * * LOW HITPOINT WARNING * * *
The gnoll misses you. The gnoll closely misses you.
You hit the gnoll but do no damage. The gnoll barely misses you.
You hit the gnoll but do no damage. The gnoll barely misses you.
The gnoll hits you with a cursed +0 spear.
* * * LOW HITPOINT WARNING * * *
You hit the gnoll but do no damage. The gnoll closely misses you.
You hit the gnoll but do no damage. The gnoll closely misses you.
The gnoll hits you but does no damage.
You closely miss the gnoll.
The gnoll hits you with a cursed +0 spear!
* * * LOW HITPOINT WARNING * * *
You hit the gnoll.
The gnoll hits you but does no damage. x2
You closely miss the gnoll. The gnoll hits you with a +0 whip!
You die...

#.. ### #.. #.# ...... #..
.##..... ##. .....########
#. ######.g........##### #.
.......@g...........###) #
###.#..............##.. #.
##.##...##.##.....##.[
#.####...#####...#.....#...
#....'.⌠.# #.⌠...........
###.##....# #....#.........
#.###...###...##.........
#.# ....#....#..........
#.## #.......##..........


You could see 2 gnolls.

Vanquished Creatures
  A gnoll (D:3)
  A howler monkey skeleton (D:2)
  3 adders (D:3)
  An ooze (D:1)
  3 worms (D:2)
  3 dart slugs
  8 bats
  3 giant cockroaches
  5 goblins
  4 hobgoblins
  5 jackals
  2 quokkas
  2 ball pythons
  4 frilled lizards
  6 kobolds
  8 rats
59 creatures vanquished.

Notes
Turn   | Place    | Note
-------+----------+-------------------------------------------
     0 | D:1      | vurker the Kobold Hunter began the quest for the Orb.
     0 | D:1      | Reached XP level 1. HP: 12/12 MP: 1/1
   179 | D:1      | Reached skill level 1 in Short Blades
   179 | D:1      | Reached XP level 2. HP: 18/18 MP: 2/2
   357 | D:1      | Reached skill level 5 in Crossbows
   887 | D:1      | Reached XP level 3. HP: 19/22 MP: 3/3
  1461 | D:2      | Reached XP level 4. HP: 27/27 MP: 4/4
  2768 | D:3      | Reached XP level 5. HP: 32/32 MP: 5/5
  3776 | D:3      | Mangled by a gnoll

Illustrated notes

Levels and vault maps discovered:
D:1:      minmay_arrival_wavy_path, layout_basic
D:2:      layout_basic, serial_corexii_hall, corexii_hall_statues_s,
          corexii_hall_statues_l, minmay_misc_feat_alley, moated_statue
D:3:      layout_basic, grunt_ministairs_13, minivault_5, uniq_natasha

Skill      XL: |  1  2  3  4  5 |
---------------+----------------+-----
Short Blades   | 1 2 3 4 |  4.1
Crossbows      | 5 |  5.5
Fighting       | 3 |  3.3
Dodging        | |  2.4
Stealth        | |  1.3

Action                   |  1- 3 |  4- 6 || total
-------------------------+-------+-------++-------
Melee: Short sword       |    63 |       ||    63
       Dagger            |    25 |   315 ||   340
  Use: Scroll            |       |    10 ||    10
       Potion            |       |     1 ||     1
 Stab: Sleeping          |    10 |     1 ||    11
Armor: Leather armour    |    12 |       ||    12
       Scale mail        |    13 |   136 ||   149
Dodge: Dodged            |    49 |   214 ||   263

Table legend: (Time is in decaauts)
 A = Elapsed time spent in this place.
 B = Non-inter-level travel time spent in this place.
 C = Inter-level travel time spent in this place.
 D = Time resting spent in this place.
 E = Time spent auto-exploring this place.
 F = Levels seen in this place.
 G = Mean time per level.
                   A        B        C        D        E       F      G
               +--------+--------+--------+--------+--------+-----+--------+
         Total |   3715 |   3578 |    137 |      0 |   2959 |   3 | 1238.3 |
       Dungeon |   3715 |   3578 |    137 |      0 |   2959 |   3 | 1238.3 |
               +--------+--------+--------+--------+--------+-----+--------+

Top non-repeatable levels by time:
     D:3: 1438 daAuts
     D:1: 1158 daAuts
     D:2: 1117 daAuts
